 Dungeon Crawl Stone Soup version 0.29.1-15-g9cfb28693d (webtiles) character file.

Game seed: 9022483436927199139

31 unlimited1921 the Firebug (level 3, -2/32 HPs)
             Began as an Ogre Fire Elementalist on Apr 10, 2023.
             Slain by a goblin
             ... wielding a +0 club
             ... led by Robin
              (5 damage)
             ... on level 1 of the Dungeon.
             The game lasted 00:06:37 (2962 turns).

unlimited1921 the Firebug (Ogre Fire Elementalist)  Turns: 2962, Time: 00:06:37

Health: -2/32      AC:  3    Str: 12    XL:     3   Next: 22%
Magic:  1/6        EV: 10    Int: 16    God:
Gold:   63         SH:  0    Dex: 11    Spells: 6/7 levels left

rFire   . . .      SeeInvis .   g - +0 mace
rCold   . . .      Faith    .   (no shield)
rNeg    . . .      Spirit   .   a - +0 robe
rPois   .          Reflect  .   (helmet restricted)
rElec   .          Harm     .   (no cloak)
rCorr   .          Rampage  .   (gloves unavailable)
Will    .....                   (boots unavailable)
Stlth   ++........              (no amulet)
HPRegen 0.10/turn               (no ring)
MPRegen 0.10/turn               (no ring)

@: no status effects
A: large, unfitting armour, tough skin 1
a: no special abilities


You were on level 1 of the Dungeon.
You visited 1 branch of the dungeon, and saw 2 of its levels.

You collected 63 gold pieces.

Inventory:

Hand Weapons
 g - a +0 mace (weapon)
Armour
 a - a +0 robe (worn)
Scrolls
 d - a scroll of acquirement {unknown}
 h - a scroll of noise {unknown}
 i - a scroll of identify {unknown}
Potions
 b - a potion of magic
 c - 2 potions of lignification {unknown}
 e - a potion of attraction {unknown}
 f - a potion of brilliance {unknown}
 j - a potion of flight {unknown}


   Skills:
 + Level 0.6 Fighting
 + Level 2.0 Dodging
 + Level 1.5 Stealth
 + Level 0.1 Unarmed Combat
 + Level 2.6 Spellcasting
 + Level 1.1 Conjurations
 + Level 3.3 Fire Magic


You had 6 spell levels left.
You knew the following spells:

 Your Spells              Type           Power      Damage    Failure   Level
a - Foxfire               Conj/Fire      36%        2x1d5     8%          1

Your spell library contained the following spells:

 Spells                   Type           Power      Damage    Failure   Level
 Scorch                   Fire           24%        2d6       8%          2
 Conjure Flame            Conj/Fire      9%         6-21      24%         3
 Inner Flame              Hex/Fire       7%         N/A       28%         3
 Flame Wave               Conj/Fire      9%         2d6       61%         4


Dungeon Overview and Level Annotations

Branches:
Dungeon (2/15)

Altars:

Annotations:
D:1 Robin


Innate Abilities, Weirdness & Mutations

You are too large for most types of armour.
You have tough skin. (AC +1)


Message History

You conjure some foxfire!
Robin barely misses you. The goblin closely misses you.
You are too injured to fight recklessly!
Your foxfire dissipates!
The foxfire hits Robin.
Robin is lightly wounded.
Robin hits you with a +0 spear.
* * * LOW HITPOINT WARNING * * *
The goblin hits you with a +0 club.
* * * LOW HITPOINT WARNING * * *
Casting: Foxfire (safe; 8% risk of failure)
Confirm with . or Enter, or press ? or * to list all spells.
You conjure some foxfire!
Robin barely misses you. The goblin barely misses you.
You are too injured to fight recklessly!
Your foxfire dissipates!
The foxfire hits Robin.
Robin is lightly wounded.
Robin throws the goblin at you!
Casting: Foxfire (safe; 8% risk of failure)
Confirm with . or Enter, or press ? or * to list all spells.
You conjure some foxfire!
Robin roars a battlecry!
The goblin goes into a battle-frenzy!
The goblin hits you with a +0 club.
* * * LOW HITPOINT WARNING * * *
Your foxfire dissipates!
The foxfire hits Robin.
Robin is moderately wounded.
Robin hits you but does no damage.
Your magical contamination has completely faded away.
The goblin attacks as you move away! The goblin completely misses you.
Casting: Foxfire (safe; 8% risk of failure)
Confirm with . or Enter, or press ? or * to list all spells.
You conjure some foxfire!
Robin hits you from afar with a +0 spear.
* * * LOW HITPOINT WARNING * * *
The goblin hits you but does no damage. The goblin attacks as you move away!
The goblin hits you with a +0 club.
You die...

...........## ##.[..............#
#########.#.###รท#..........#..#..
#.##.#.##.########..#...#
#.###.###.# ##..#...#.. #####
##.###.# #.# #.#...#...#
....####......# #.# #...#...#..
###...........###.#####.#..)#...#
########..#.#.##..........#...#..
......##...###>v@#.####.#...#...#
####.#.#.##.#.##gv.# #...#...#..
##..###..###)>.g...# #.#...#...#
#...# ##...........# #...#...#..
##..###..#########.####.#...#...#
#.#.#.#.# #........#...#..
##.##.##.## ##.#>..#...#...#
......##..# #.####..#...#..
##.######.# #.# ###..#...#


You could see Robin and a goblin (strong, ally target).

Vanquished Creatures
  2 bats (D:1)
  3 endoplasms (D:1)
  5 goblins (D:1)
  5 hobgoblins (D:1)
  3 quokkas (D:1)
  6 ball pythons (D:1)
  A rat (D:1)
25 creatures vanquished.

Vanquished Creatures (others)
  78 foxfires (D:1)
78 creatures vanquished.

Grand Total: 103 creatures vanquished

Notes
Turn   | Place    | Note
-------+----------+-------------------------------------------
     0 | D:1      | unlimited1921 the Ogre Fire Elementalist began the quest
                  | for the Orb.
     0 | D:1      | Reached XP level 1. HP: 16/16 MP: 3/3
   554 | D:1      | Reached skill level 3 in Fire Magic
   651 | D:1      | Reached XP level 2. HP: 12/24 MP: 1/5
   835 | D:1      | Reached skill level 1 in Conjurations
  2117 | D:1      | Reached XP level 3. HP: 32/32 MP: 0/6
  2873 | D:1      | Found a faded altar of an unknown god.
  2948 | D:2      | Noticed Robin
  2962 | D:1      | Slain by a goblin

Illustrated notes

Levels and vault maps discovered:
D:1:      minmay_arrival_radiant_lines, layout_loops_ring,
          hellmonk_ecumenical_altar_inner_sanctum, st_stairs_2, hex_large,
          minmay_strange_pillars
D:2:      minmay_wonky_spiral, layout_basic, serial_bayou, serial_bayou_pond_b,
          serial_bayou_pond_b, serial_bayou_shore_a, serial_bayou_lake_a,
          serial_bayou_crossing, uniq_robin

Skill      XL: |  1  2  3 |
---------------+----------+-----
Fire Magic     | 3 |  3.3
Conjurations   | 1 |  1.1
Dodging        | 2 |  2.0
Fighting       | |  0.6
Stealth        | |  1.5
Unarmed Combat | |  0.1
Spellcasting   | |  2.6

Action                   || total
-------------------------++-------
Melee: Unarmed           ||    17
       Mace              ||    17
 Cast: Foxfire           ||    54
Armor: Robe              ||    18
Dodge: Dodged            ||    39
